Unix NetHack Version 3.7.0-86 Work-in-progress - last build May 30 2023 01:50:43 (cc98dc9aa62a9957b082a042edf5bd7ec9f632c7,branch:master). Game began 2023-06-26 17:35:56, ended 2023-06-26 17:48:30. Vis, neutral male human Tourist ------ ----- |[[f.| |...| |.[[.| |<..| |[[[.| ###....| |[[@B)####### |...| |[[[@| |...| ------ --.-- Vis the Sightseer St:11 Dx:12 Co:16 In:13 Wi:7 Ch:16 Neutral S:495 Dlvl:4 $:953 HP:0(30) Pw:10(10) AC:1 Xp:3/75 T:2139 Burdened Latest messages: You see here a pair of hiking boots (for sale, 30 zorkmids). You see here a chain mail (for sale, 85 zorkmids). The kitten drops a hard hat. You see here a bronze plate mail (for sale, 400 zorkmids). You stop. Your kitten is in the way! You see here a banded mail (for sale, 90 zorkmids). You see here a bronze plate mail (for sale, 400 zorkmids). You see here a chain mail (for sale, 85 zorkmids). You see here a pair of hiking boots (for sale, 30 zorkmids). The kitten picks up a coarse mantelet. "For you, esteemed sir; only 30 zorkmids for this pair of hiking boots." You have a little trouble lifting O - a pair of hiking boots (unpaid, 30 zorkmids). You see here a plate mail (for sale, 600 zorkmids). What do you want to drop? [$a-eg-ln-rtw-yB-DFHKNO or ?*] O You drop a pair of hiking boots (unpaid, 30 zorkmids). The kitten drops a coarse mantelet. The kitten picks up a coarse mantelet. You see here an elven mithril-coat (for sale, 240 zorkmids). The kitten steps reluctantly over 10 runed arrows. The kitten drops a coarse mantelet. The kitten steps reluctantly over a plate mail. You see here 10 runed arrows (for sale, 20 zorkmids). The kitten picks up a hard hat. The kitten drops a hard hat. The giant bat misses! You miss the giant bat. The giant bat bites! In what direction? l The dart misses the giant bat. The giant bat bites! The giant bat bites! In what direction? l The dart misses the giant bat. The giant bat bites! The giant bat misses! The giant bat bites! The giant bat bites! In what direction? l The dart misses the giant bat. The giant bat misses! In what direction? l The dart hits the giant bat. The giant bat bites! The giant bat bites! You see here 10 runed arrows (for sale, 20 zorkmids). The giant bat bites! You die... Akhalataki gratefully inherits all your possessions. Do you want to see what you had when you died? [ynq] (y) y Do you want to see your attributes? [ynq] (y) q Inventory: Coins $ - 953 gold pieces Weapons a - 21 blessed +2 darts (at the ready) D - a blessed +1 dagger (weapon in hand) t - a +0 dagger x - 4 +0 orcish daggers Armor w - an uncursed +0 orcish helm (being worn) i - an uncursed +0 Hawaiian shirt with a parrot motif (being worn) l - an uncursed +1 crystal plate mail (being worn) Comestibles d - an uncursed cream pie c - 3 uncursed food rations e - an uncursed pear b - 4 uncursed eggs Scrolls F - an uncursed scroll of create monster N - an uncursed scroll of identify h - 4 uncursed scrolls of magic mapping Potions g - 2 uncursed potions of extra healing o - an uncursed potion of monster detection B - an uncursed potion of object detection p - a cursed potion of see invisible n - an uncursed potion of water Rings C - a cursed ring of polymorph Wands H - a wand of opening (0:2) Tools r - an uncursed tooled horn k - an uncursed credit card j - an expensive camera (0:63) Gems/Stones K - an uncursed worthless piece of black glass q - an uncursed worthless piece of yellow glass y - an uncursed worthless piece of yellowish brown glass Vis the Tourist's attributes: Background: You were a Sightseer, a level 3 male human Tourist. You were neutral, on a mission for The Lady who was opposed by Blind Io (lawful) and Offler (chaotic). You were in the Dungeons of Doom, on level 4. You entered the dungeon 2139 turns ago. You had 75 experience points, 5 more were needed to attain level 4. Your score was 495 before end-of-game adjustments. Basics: You had 0 out of 30 hit points. You had all 10 energy points (spell power). Your armor class was 1. Your wallet contained 953 zorkmids. Autopickup was on, but temporarily disabled while inside the shop. Final Characteristics: Your strength was 11 (limit:18/100). Your dexterity was 12 (limit:18). Your constitution was 16 (limit:18). Your intelligence was 13 (limit:18). Your wisdom was 7 (limit:18). Your charisma was 16 (limit:18). Final Status: You were not hungry. You were burdened; movement was slightly slowed. You were wielding a dagger. You were unskilled in dagger. Final Attributes: You were devoutly aligned. You were guarded. You are dead. Miscellaneous: You never encountered a bones level. Total elapsed playing time was 12 minutes and 34 seconds. Major events: Turn 1: Vis the neutral male human Tourist entered the dungeon 1229: attained the rank of Sightseer (level 3) 2139: killed by a giant bat Vanquished creatures: a kitten 2 coyotes a gas spore a hobbit a manes 3 cave spiders 3 geckos 2 jackals 3 kobolds 6 goblins 2 grid bugs a lichen a kobold zombie 3 newts 30 creatures vanquished. No species were genocided or became extinct. Voluntary challenges: You read items or engraved 5 times. You never engraved Elbereth. You never genocided any monsters. You never polymorphed an object. You never changed form. You used no wishes. Achievements: You attained the rank of Sightseer. You entered a shop. The Dungeons of Doom: levels 1 to 4 Level 1: An altar, some fountains, a grave. Level 2: Many fountains. Level 3: A general store. Level 4: <- You were here. An armor shop. Final resting place for you, killed by a giant bat. Game over: ---------- / \ / REST \ / IN \ / PEACE \ / \ | Vis | | 953 Au | | killed by a | | giant bat | | | | | | 2023 | *| * * * | * _________)/\\_//(\/(/\)/\//\/|_)_______ Aloha Vis the Tourist... You died in The Dungeons of Doom on dungeon level 4 with 492 points, and 953 pieces of gold, after 2139 moves. You were level 3 with a maximum of 30 hit points when you died.